 Dungeon Crawl Stone Soup version 0.28-a0-845-gfc338a8e3c (webtiles) character file.

Game seed: 8847167012978428279

10752 siradein the Spear-Bearer (level 11, -5/87 HPs)
             Began as a Merfolk Gladiator on Nov 13, 2021.
             Was a High Priest of Okawaru.
             Slain by an ice devil (9 damage)
             ... on level 1 of the Lair of Beasts.
             The game lasted 00:29:46 (15241 turns).

siradein the Spear-Bearer (Merfolk Gladiator)      Turns: 15241, Time: 00:29:46

Health: -5/87      AC: 12    Str: 15    XL:     11   Next: 67%
Magic:  15/15      EV: 20    Int: 11    God:    Okawaru [*****.]
Gold:   366        SH:  6    Dex: 24    Spells: 10/10 levels left

rFire   x . .      SeeInvis .   a - +0 trident
rCold   + . .      Faith    .   y - +0 buckler
rNeg    . . .      Spirit   .   F - +0 acid dragon scales
rPois   .          Reflect  .   r - +2 helmet {Int+3}
rElec   .          Harm     .   (no cloak)
rCorr   +          Rampage  .   o - +0 pair of gloves
Will    .....                   (no boots)
Stlth   ++........              R - amulet of magic regeneration
HPRegen 0.24/turn               A - +6 ring of dexterity
MPRegen 0.39/turn               d - ring of ice

@: no status effects
A: (nimble swimmer 2), mertail
a: Renounce Religion, Heroism, Finesse, Duel


You were on level 1 of the Lair of Beasts.
You worshipped Okawaru.
Okawaru was extremely pleased with you.
You visited 3 branches of the dungeon, and saw 13 of its levels.
You visited the Abyss 1 time.
You also visited: Sewer.

You collected 606 gold pieces.
You spent 240 gold pieces at shops.

Inventory:

Hand Weapons
 a - a +0 trident (weapon)
 q - a +3 scythe of venom
Missiles
 f - 443 stones (quivered)
 t - 49 poisoned darts
 C - 11 javelins
 I - 7 curare-tipped darts
 O - 4 atropa-tipped darts
 P - 6 boomerangs
 Q - a throwing net
Armour
 o - a +0 pair of gloves (worn)
 r - a +2 helmet of intelligence (worn)
 y - a +0 buckler (worn)
 F - +0 acid dragon scales (worn)
Jewellery
 d - a ring of ice (right hand)
 A - a +6 ring of dexterity (left hand)
 H - a ring of poison resistance
 K - a ring of magical power
 R - an amulet of magic regeneration (around neck)
Wands
 p - a wand of digging (6)
 x - a wand of mindburst (19)
 E - a wand of iceblast (7)
 M - a wand of polymorph (12)
Scrolls
 b - a scroll of enchant weapon {unknown}
 i - 5 scrolls of teleportation
 w - a scroll of fear
 B - a scroll of vulnerability {unknown}
 D - a scroll of immolation
 J - 2 scrolls of brand weapon
 L - a scroll of amnesia
 S - a scroll of blinking {unknown}
Potions
 c - a potion of degeneration {unknown}
 e - 2 potions of cancellation
 g - 2 potions of haste
 h - a potion of heal wounds
 j - 4 potions of flight
 k - 4 potions of brilliance
 l - 3 potions of curing
 m - a potion of resistance
 n - 3 potions of attraction {unknown}
 s - 2 potions of might {unknown}
 u - a potion of ambrosia {unknown}
 v - 3 potions of invisibility
 z - a potion of magic {unknown}


   Skills:
 + Level 8.4 Fighting
 + Level 11.4 Polearms
 + Level 7.7 Throwing
 + Level 5.5 Armour
 + Level 10.5 Dodging
 - Level 4.0 Shields
 + Level 6.4 Invocations


You had 10 spell levels left.
You didn't know any spells.
Your spell library contained the following spells:

 Spells                   Type           Power      Damage    Failure   Level
 Sandblast                Erth           0%         2d4       43%         1
 Blink                    Tloc           0%         N/A       58%         2
 Passwall                 Tmut/Erth      0%         N/A       58%         2
 Dazzling Flash           Conj/Hex       0%         N/A       82%         3
 Ignite Poison            Fire/Tmut/Pois 0%         N/A       82%         3
 Lesser Beckoning         Tloc           0%         N/A       82%         3
 Mephitic Cloud           Conj/Pois/Air  0%         N/A       82%         3
 Stone Arrow              Conj/Erth      0%         3d7       82%         3
 Airstrike                Air            0%         N/A       99%         4
 Fulminant Prism          Conj/Hex       0%         3d6       99%         4
 Iskenderun's Mystic Bla  Conj/Tloc      0%         2d3       99%         4
 Passage of Golubria      Tloc           0%         N/A       99%         4
 Freezing Cloud           Conj/Ice/Air   0%         6-21      100%        5
 Lee's Rapid Deconstruct  Erth           0%         3d5*      100%        5
 Lightning Bolt           Conj/Air       0%         1d11      100%        5
 Manifold Assault         Tloc           0%         N/A       100%        5
 Yara's Violent Unravell  Hex/Tmut       0%         3d3       100%        5
 Starburst                Conj/Fire      0%         6d3       100%        6
 Tukima's Dance           Hex            Unusable   N/A       N/A         3
 Summon Lightning Spire   Summ/Air       Unusable   N/A       N/A         4

Dungeon Overview and Level Annotations

Branches:
Dungeon (11/15)            Temple (1/1) D:4            Lair (1/6) D:8
  Sewer (visited)
    Orc: D:9-12

Altars:
Ashenzari
Cheibriados
Dithmenos
Elyvilon
Fedhas
Gozag
Hepliaklqana
Kikubaaqudgha
Makhleb
Nemelex Xobeh
Okawaru
Qazlal
Ru
Sif Muna
Trog
Uskayaw
Vehumet
Wu Jian
Xom
Yredelemnul
Zin
The Shining One

Shops:
D:8 *

Portals:
Ice
Cave: Lair:1


Innate Abilities, Weirdness & Mutations

((You are quick and stealthy near water. (Stealth+, EV+, Speed+++)))
Your lower body shifts to a powerful aquatic tail in water.


Message History

The ice devil is almost dead.
You hit the ice devil but do no damage.
The ice devil is almost dead.
The ice devil completely misses you.
You hit the ice devil but do no damage.
The ice devil is almost dead.
The ice devil hits you but does no damage.
You hit the ice devil.
The ice devil is almost dead.
The ice devil misses you.
You closely miss the ice devil.
The ice devil is almost dead.
You barely miss the ice devil.
The ice devil is almost dead.
You block the ice devil's attack.
You hit the ice devil.
The ice devil is almost dead.
The ice devil misses you.
You hit the ice devil but do no damage.
The ice devil is almost dead.
You closely miss the ice devil.
The ice devil is almost dead.
You block the ice devil's attack.
You hit the ice devil but do no damage.
The ice devil is almost dead.
The ice devil closely misses you.
You barely miss the ice devil.
The ice devil is almost dead.
The ice devil misses you.
You barely miss the ice devil.
The ice devil is almost dead.
You hit the ice devil but do no damage.
The ice devil is almost dead.
You block the ice devil's attack.
You completely miss the ice devil.
The ice devil is almost dead.
The ice devil hits you.
* * * LOW HITPOINT WARNING * * *
The ice devil freezes you! You resist.
You die...

###*** ### *#
#...,*##### ##.###.
***#....##.+.# #......
,,*#∩......#.#
##....>.
,,*#....##.'.####
#P......
,,*#...,*###....#####
#####...... ,,*###***
###.4@...###..##......
,,******
#####.......##......
,,,,,,,**
#.##.##..'......
,,,,,,,,*
##########......
+*,****** #......
,***** #...... ,,,,,**
#...... ****,,*
###'### *,** #....


You could see an ice devil.

Vanquished Creatures
  Erolcha (D:11)
  A boulder beetle (D:11)
  Fannar (D:10)
  A two-headed ogre (D:10)
  A cyclops (D:11)
  Maggie (D:7)
  An ice devil (Lair:1)
  2 kobold demonologists (D:11)
  A komodo dragon (D:8)
  A troll (D:11)
  Grinder (D:6)
  A hornet (D:7)
  Sigmund (D:3)
  A vampire (D:10)
  10 yaks
  2 wyverns
  2 wraiths
  A steam dragon (D:8)
  An acid dragon (D:10)
  A water moccasin (D:7)
  A sky beast (D:6)
  2 orc warriors
  An ice beast (D:7)
  3 ogres
  A centaur (D:7)
  2 phantoms
  8 kobold brigands
  2 bullfrogs
  3 scorpions
  4 wights (D:10)
  5 killer bees (D:8)
  5 howler monkeys
  A bullfrog zombie (D:6)
  5 hounds
  2 jellies (D:8)
  7 orc priests
  A bullfrog skeleton (D:7)
  2 iguanas (D:5)
  14 orc wizards
  Robin (D:3)
  A gnoll (D:3)
  9 adders
  2 white imps
  An ufetubus (D:5)
  An adder skeleton (D:5)
  4 worms
  2 dart slugs
  43 orcs
  8 bats
  5 endoplasms
  2 giant cockroaches
  12 goblins
  6 hobgoblins
  3 jackals
  32 kobolds
  4 quokkas
  8 ball pythons
  5 frilled lizards
  4 rats
254 creatures vanquished.

Vanquished Creatures (others)
  7 plants
7 creatures vanquished.

Grand Total: 261 creatures vanquished

Notes
Turn   | Place    | Note
-------+----------+-------------------------------------------
     0 | D:1      | siradein the Merfolk Gladiator began the quest for the Orb.
     0 | D:1      | Reached XP level 1. HP: 16/16 MP: 1/1
    53 | D:1      | Reached XP level 2. HP: 15/23 MP: 2/2
   516 | D:1      | Reached XP level 3. HP: 28/28 MP: 3/3
   799 | D:2      | Noticed an ogre
  1018 | D:2      | Found a bloodstained altar of Trog.
  1703 | D:2      | Killed an ogre
  1704 | D:2      | Reached skill level 5 in Polearms
  1704 | D:2      | Reached skill level 1 in Armour
  1704 | D:2      | Reached XP level 4. HP: 21/35 MP: 4/4
  1704 | D:2      | Reached XP level 5. HP: 24/41 MP: 5/5
  2078 | D:3      | Reached skill level 5 in Dodging
  2372 | D:3      | Noticed Sigmund
  2389 | D:3      | Killed Sigmund
  2390 | D:3      | Reached skill level 6 in Polearms
  2390 | D:3      | Reached XP level 6. HP: 39/48 MP: 6/6
  2503 | D:3      | Noticed Robin
  2516 | D:3      | Killed Robin
  3270 | D:4      | Found a white marble altar of Elyvilon.
  3282 | D:4      | Reached XP level 7. HP: 36/54 MP: 7/7
  3638 | D:4      | Found a staircase to the Ecumenical Temple.
  3648 | Temple   | Entered the Ecumenical Temple
  3721 | Temple   | Became a worshipper of Warmaster Okawaru
  4382 | D:5      | Entered Level 5 of the Dungeon
  4445 | D:5      | Reached skill level 7 in Polearms
  4502 | D:5      | Reached XP level 8. HP: 57/61 MP: 8/8
  4649 | D:5      | Found a glowing drain.
  4653 | Sewer    | Entered a sewer
  4701 | Sewer    | Reached * piety under Okawaru
  4702 | Sewer    | Reached skill level 5 in Fighting
  5766 | D:6      | Noticed Grinder
  5786 | D:6      | Paralysed by Grinder for 3 turns
  5796 | D:6      | Killed Grinder
  5797 | D:6      | Reached skill level 8 in Polearms
  5797 | D:6      | Reached skill level 5 in Throwing
  5797 | D:6      | Reached skill level 1 in Shields
  5797 | D:6      | Reached skill level 1 in Invocations
  6251 | D:6      | Reached XP level 9. HP: 39/69 MP: 10/10
  7178 | D:7      | Noticed Maggie
  7202 | D:7      | Killed Maggie
  7202 | D:7      | Reached ** piety under Okawaru
  8123 | D:7      | Noticed a hornet
  8133 | D:7      | Killed a hornet
  8141 | D:7      | Reached skill level 9 in Polearms
  9404 | D:8      | Reached XP level 10. HP: 42/77 MP: 12/12
  9975 | D:8      | Found Ritad's General Store.
  9983 | D:8      | Bought a ring of poison resistance for 240 gold pieces
 10119 | D:8      | Found a staircase to the Lair.
 10411 | D:8      | Found an ancient bone altar of Kikubaaqudgha.
 10781 | D:9      | Reached *** piety under Okawaru
 11476 | D:10     | Entered Level 10 of the Dungeon
 11619 | D:10     | Reached skill level 10 in Polearms
 11666 | D:10     | Noticed a two-headed ogre
 11700 | D:10     | Killed a two-headed ogre
 11700 | D:10     | Received a gift from Okawaru
 11700 | D:10     | Reached **** piety under Okawaru
 11906 | D:10     | Reached skill level 5 in Invocations
 12544 | D:10     | Noticed Fannar
 12579 | D:10     | Killed Fannar
 12580 | D:10     | Reached XP level 11. HP: 49/85 MP: 13/15
 12762 | D:10     | Reached skill level 5 in Armour
 13200 | D:10     | Reached skill level 10 in Dodging
 13694 | D:11     | Noticed Erolcha
 13713 | D:11     | Cast into level 1 of the Abyss (Erolcha)
 13786 | D:11     | Escaped the Abyss
 13801 | D:11     | Killed Erolcha
 13802 | D:11     | Reached skill level 11 in Polearms
 13930 | D:11     | Found a sacrificial altar of Ru.
 14142 | D:11     | Noticed a boulder beetle
 14158 | D:11     | Killed a boulder beetle
 14346 | D:11     | Received a gift from Okawaru
 14430 | D:11     | Noticed a cyclops
 14453 | D:11     | Killed a cyclops
 14708 | D:11     | Reached ***** piety under Okawaru
 15103 | Lair:1   | Entered Level 1 of the Lair of Beasts
 15155 | Lair:1   | Found a frozen archway.
 15221 | Lair:1   | HP: 1/87 [ice devil (5)]
 15227 | Lair:1   | HP: 3/87 [ice devil (9)]
 15241 | Lair:1   | HP: 4/87 [ice devil (1)]
 15241 | Lair:1   | Slain by an ice devil

Illustrated notes

Levels and vault maps discovered:
D:1:      lightli_arrival_isolated_outpost, layout_loops_ring,
          supply_closet_lemuel
D:2:      layout_rooms, basic_altar
D:3:      layout_loops_ring, minivault_14, minmay_puff, uniq_robin, uniq_sigmund
D:4:      layout_basic, amcnicky_altar_gilded, minmay_temple_entry_grid
D:5:      layout_gridville, gup_sewer_entry_spiral
D:6:      layout_basic, uniq_grinder
D:7:      layout_layer_cave, uniq_maggie
D:8:      layout_loops_corners, kennysheep_mini, david_lair_shrubbed,
          serial_shops, nicolae_shop_statue_plus, chequers_serial_rivers_room_a
D:9:      layout_basic, minivault_16, hangedman_decor_peaks_small
D:10:     layout_loops_corners, uniq_fannar
D:11:     layout_irregular_city, nicolae_ru_the_path_less_chosen, uniq_erolcha
Temple:   mainiacjoe_temple_big_plus
Lair:1:   layout_roguey, portal_ice_cave_demonic_guard, minivault_25,
          st_stairs_9, minmay_lair_oklob_bushes

Skill      XL: |  1  2  3  4  5  6  7  8  9 10 11 |
---------------+----------------------------------+-----
Fighting       | 3 4 5 6 7 8 |  8.4
Polearms       | 5 6 7 8 9 10 11 | 11.4
Armour         | 1 2 3 4 5 |  5.5
Dodging        | 5 6 7 8 9 10 | 10.5
Throwing       | 3 4 5 6 7 |  7.7
Shields        | 1 3 4 |  4.0
Invocations    | 1 3 5 6 |  6.4

Action                   |  1- 3 |  4- 6 |  7- 9 | 10-12 || total
-------------------------+-------+-------+-------+-------++-------
Melee: Trident           |    84 |    46 |   287 |   680 ||  1097
       Scythe            |       |    40 |    98 |       ||   138
       Tailslap          |       |       |     4 |       ||     4
Throw: Stone             |     4 |       |    11 |    18 ||    33
       Throwing net      |       |     2 |       |     1 ||     3
       Dart              |       |       |    26 |    35 ||    61
Invok: Heroism           |       |       |       |     4 ||     4
  Use: Scroll            |       |       |     9 |     5 ||    14
       Potion            |       |       |       |     2 ||     2
 Stab: Sleeping          |     3 |     1 |     6 |     1 ||    11
       Held in net/web   |       |     1 |       |       ||     1
Armor: Leather armour    |    16 |    18 |    49 |       ||    83
       Acid dragon scale |       |       |    23 |    93 ||   116
Dodge: Dodged            |    48 |    38 |   263 |   306 ||   655
Block: Buckler           |       |       |    45 |   116 ||   161

Table legend: (Time is in decaauts)
 A = Elapsed time spent in this place.
 B = Non-inter-level travel time spent in this place.
 C = Inter-level travel time spent in this place.
 D = Time resting spent in this place.
 E = Time spent auto-exploring this place.
 F = Levels seen in this place.
 G = Mean time per level.
                   A        B        C        D        E       F      G
               +--------+--------+--------+--------+--------+-----+--------+
         Total |  15058 |  14420 |    638 |   1107 |  10278 |  15 | 1003.9 |
       Dungeon |  14085 |  13473 |    612 |   1092 |   9707 |  11 | 1280.5 |
        Temple |    409 |    383 |     26 |      0 |    353 |   1 |  409.0 |
          Lair |    116 |    116 |      0 |      0 |      0 |   1 |  116.0 |
         Abyss |     72 |     72 |      0 |      0 |     38 |   1 |   72.0 |
         Sewer |    373 |    373 |      0 |     14 |    179 |   1 |  373.0 |
               +--------+--------+--------+--------+--------+-----+--------+

Top non-repeatable levels by time:
     D:7: 2140 daAuts
    D:10: 1896 daAuts
     D:8: 1649 daAuts
     D:6: 1317 daAuts
    D:11: 1272 daAuts
     D:3: 1236 daAuts
     D:1: 1076 daAuts
     D:9: 1074 daAuts
     D:2: 956 daAuts
     D:5: 737 daAuts
     D:4: 728 daAuts
  Temple: 409 daAuts
   Sewer: 373 daAuts
  Lair:1: 116 daAuts
 Abyss:1: 72 daAuts
